 Dungeon Crawl Stone Soup version 0.25-a0-294-gea9b1ad378 (console) character file.

Game seed: 13160890890365149890, levelgen mode: deterministic

29 hither the Ducker (level 3, 0/36 HPs)
             Began as a Troll Fighter on Dec 18, 2019.
             Slain by Sigmund
             ... wielding a +0 scythe
              (7 damage)
             ... on level 2 of the Dungeon.
             The game lasted 00:10:00 (1176 turns).

hither the Ducker (Troll Fighter)                   Turns: 1176, Time: 00:10:01

Health: 0/36       AC:  6    Str: 25    XL:     3   Next: 1%
Magic:  2/2        EV:  8    Int:  4    God:
Gold:   81         SH:  8    Dex:  9    Spells: 2/2 levels left

rFire    . . .     SeeInvis .   i - +0 club
rCold    . . .     Gourm    +   b - +0 shield
rNeg     . . .     Faith    .   a - +0 robe
rPois    .         Spirit   .   (helmet restricted)
rElec    .         Reflect  .   (no cloak)
rCorr    .         Harm     .   (gloves unavailable)
MR       .....                  (boots unavailable)
Stlth    +.........             (no amulet)
HPRegen  0.52/turn              (no ring)
MPRegen  0.08/turn              (no ring)

@: no status effects
A: large, unfitting armour, claws 3, fast metabolism 3, gourmand, regeneration
1, shaggy fur 1, tough skin 3
a: no special abilities


You were on level 2 of the Dungeon.
You were not hungry.

You visited 1 branch of the dungeon, and saw 2 of its levels.

You collected 81 gold pieces.

Inventory:

Hand Weapons
 g - a +0 mace
 i - a +0 club (weapon)
Armour
 a - a +0 robe (worn)
 b - a +0 shield (worn)
Scrolls
 m - a scroll of identify {unknown}
Potions
 c - 2 potions of might
 e - a potion of heal wounds {unknown}
 f - a potion of degeneration {unknown}
 h - a potion of flight {unknown}
 k - a potion of magic {unknown}
 l - a potion of mutation {unknown}
Comestibles
 d - 2 rations


   Skills:
 + Level 2.6 Fighting
 + Level 0.5 Maces & Flails
 + Level 2.9 Dodging
 + Level 2.7 Shields
 + Level 2.0 Unarmed Combat


You had 2 spell levels left.
You didn't know any spells.
Your spell library was empty.

Dungeon Overview and Level Annotations

Branches:
Dungeon (2/15)

Altars:

Annotations:
D:2 Sigmund


Innate Abilities, Weirdness & Mutations

You are too large for most types of armour.
You have claws for hands.
Your metabolism is lightning-fast.
You like to eat raw meat.
Your natural rate of healing is unusually fast.
You are covered in fur. (AC +1)
You have extremely tough skin. (AC +3)


Message History

You bump into the rock wall.
You bump into the rock wall.
Sigmund appears from thin air!
Reactivating autopickup.
Sigmund mumbles some strange words.
Sigmund flickers and vanishes!
Deactivating autopickup; reactivate with Ctrl-A.
You're too confused to move!
You're too confused to move!
A magic dart appears from out of thin air!
The magic dart hits you.
* * * LOW HITPOINT WARNING * * *
Press: ? - help, v - describe, . - travel The floor.
You bump into the rock wall.
You bump into the rock wall.
You feel less confused. Something hits you.
* * * LOW HITPOINT WARNING * * *
You eat one of the 3 rations.
That ration really hit the spot!
Something hits you!
You die...

########## .........# ####.###.#
#### #.# #.######### #####...
##.###.........# #.....##
#....#.#######.##########....#
#....#......##.##............#
#....#{#######.##.#####.#....##
###.###.##.....@................
#...###.##.####.##.#####.####...
#..........# #.##.# #......##
#...###.#..# #.##.# #..###.#
#...#...#$.####..... ...# #.##
#######........###.# ##.# #...
#......##..#### #.# .# #.##
##...{..##.>... ... .. ...
................ g.


There were no monsters in sight!

Vanquished Creatures
  2 leopard geckos (D:1)
  2 giant cockroaches
  A goblin (D:1)
  3 hobgoblins
  5 jackals (D:2)
  4 bats
  A frilled lizard (D:1)
  3 kobolds
  5 rats
26 creatures vanquished.

Notes
Turn   | Place    | Note
-------+----------+-------------------------------------------
     0 | D:1      | hither the Troll Fighter began the quest for the Orb.
     0 | D:1      | Reached XP level 1. HP: 22/22 MP: 0/0
   262 | D:1      | Reached XP level 2. HP: 29/29 MP: 1/1
  1006 | D:2      | Reached XP level 3. HP: 36/36 MP: 2/2
  1122 | D:2      | Noticed Sigmund
  1176 | D:2      | Slain by Sigmund

Levels and vault maps discovered:
D:1:      nzn_arrival_water_spiral, layout_basic
D:2:      kennysheep_the_goblin_king, layout_basic, first_ration,
          minmay_misc_feat_chi, uniq_sigmund

Action                   || total
-------------------------++-------
Melee: Mace              ||    33
       Unarmed           ||    13
       Club              ||    64
 Stab: Sleeping          ||     2
  Eat: Chunk             ||     8
       Ration            ||     1
Armor: Robe              ||    60
Dodge: Dodged            ||    67
Block: Shield            ||    77

Table legend:
 A = Non-vault XP
 B = Vault XP
 C = Vault XP percentage of total XP
 D = Non-vault monster count
 E = Vault monster count
 F = Vault count percentage of total count
                 A         B        C        D         E       F
            +---------+---------+-------+---------+---------+-------
      Total |      42 |       0 |   0.0 |      26 |       0 |   0.0
            +---------+---------+-------+---------+---------+-------
        D:1 |      22 |       0 |   0.0 |      14 |       0 |   0.0
        D:2 |      20 |       0 |   0.0 |      12 |       0 |   0.0
            +---------+---------+-------+---------+---------+-------
